AoeStats
← ivcrk826

Oasis

509637245Analyzed
4v4 RM · 4d ago on Sep 27, 2026· 47m 18s· 8 players
Game mode
Random Map
Map size
Large (8 player)
Population
200
Speed
Normal
Resources
Standard
Victory
Conquest
Starting age
Dark Age
Ending age
Imperial Age
RankedLock teamsTeams togetherTeam positionsShared explorationLock speedFull tech treeHidden civsTurbo modeCheats
Victory
Defeat
🇲🇽 Khmer · Mexico
1480
+11
🇮🇹 Malay · Italy
1475
+11
🇦🇷 Mongols · Argentina
1438
+13
🇦🇷 Franks · Argentina
1366
+15
🇫🇷 Sicilians · France
1422
-15
🇧🇪 Italians · Belgium
1402
-14
🇬🇧 Saracens · United Kingdom
1333
-11
🇪🇸 Varangians · Spain
1303
-10
thefacelessz12
2:03 Loom
9:21 Feudal Age
19:36 Castle Age
18:50 Double-Bit Axe
21:23 Horse Collar
24:48 Town Watch
27:01 Ballistics
35:07 Imperial Age
34:11 Bow Saw
34:02 Heavy Plow
33:53 Gold Mining
35:57 Wheelbarrow
35:12 Capped Ram
36:01 Double Crossbow
35:54 Heavy Scorpion
37:18 Siege Ram
37:34 Pikeman
39:03 Gold Shaft Mining
38:41 Forging
38:31 Scale Mail Armor
40:10 Hand Cart
40:22 Chain Mail Armor
41:47 Crop Rotation
41:12 Halberdier
42:34 Stone Mining
42:52 Town Patrol
46:15 Siege Engineers
47:11 Chemistry
46:48 Iron Casting
ivcrk826
5:55 Loom
6:10 Loom
8:53 Feudal Age
11:48 Double-Bit Axe
14:02 Fletching
19:08 Castle Age
19:51 Bodkin Arrow
26:12 Ballistics
27:15 Padded Archer Armor
27:45 Bloodlines
32:18 Thumb Ring
40:41 Imperial Age
38:50 Wheelbarrow
38:33 Stone Mining
38:36 Gold Mining
40:05 Stone Shaft Mining
41:11 Heavy Cavalry Archer
44:08 Chemistry
43:15 Bracer
44:59 Conscription
OS | _MidGard_
9:40 Feudal Age
9:58 Double-Bit Axe
15:00 Castle Age
14:47 Bow Saw
15:18 Wheelbarrow
21:49 Scale Barding Armor
21:56 Forging
22:05 Husbandry
24:06 Iron Casting
24:49 Horse Collar
25:26 Gold Mining
27:26 Gold Shaft Mining
26:41 Stone Mining
27:25 Hand Cart
27:55 Heavy Plow
27:56 Town Watch
28:46 Loom
29:46 Stone Shaft Mining
32:09 Imperial Age
31:20 Town Patrol
33:01 Blast Furnace
32:11 Elite Battle Elephant
33:30 Devotion
33:42 Caravan
35:16 Chemistry
34:49 Crop Rotation
35:51 Padded Archer Armor
36:58 Leather Archer Armor
36:51 Siege Engineers
37:52 Faith
39:09 Ring Archer Armor
41:20 Fletching
小肥羊
8:57 Feudal Age
10:03 Double-Bit Axe
13:15 Loom
13:41 Scale Barding Armor
15:34 Forging
18:28 Wheelbarrow
22:11 Castle Age
20:10 Gold Mining
22:59 Husbandry
23:41 Iron Casting
23:47 Bow Saw
24:34 Chain Barding Armor
23:44 Light Cavalry
30:35 Herbal Medicine
34:32 Imperial Age
35:53 Plate Barding Armor
35:54 Iron Casting
34:48 Cavalier
35:51 Capped Ram
38:21 Paladin
39:51 Hand Cart
41:33 Conscription
41:14 Chivalry
44:09 Gold Shaft Mining
abli30
6:35 Loom
6:56 Loom
9:17 Feudal Age
9:51 Double-Bit Axe
14:23 Fletching
15:54 Gold Mining
20:15 Wheelbarrow
22:59 Castle Age
22:06 Padded Archer Armor
24:12 Bow Saw
23:26 Crossbowman
24:02 Bodkin Arrow
26:20 Ballistics
34:42 Thumb Ring
40:03 Imperial Age
38:53 Gold Shaft Mining
LanaAio
6:57 Loom
9:20 Feudal Age
10:41 Double-Bit Axe
15:26 Fletching
17:32 Horse Collar
21:43 Castle Age
20:47 Padded Archer Armor
22:08 Crossbowman
22:48 Bodkin Arrow
28:17 Wheelbarrow
29:49 Heavy Plow
36:46 Imperial Age
35:57 Sanctity
36:36 Fervor
39:37 Block Printing
40:05 Onager
Gandalfff
4:49 Loom
9:57 Feudal Age
10:38 Double-Bit Axe
12:07 Horse Collar
13:59 Forging
13:55 Scale Barding Armor
21:06 Castle Age
22:08 Heavy Plow
22:23 Scale Barding Armor
24:33 Chain Barding Armor
24:27 Bloodlines
25:12 Bow Saw
25:49 Wheelbarrow
29:27 Hand Cart
32:12 Imperial Age
31:12 Iron Casting
33:43 Plate Barding Armor
33:12 Husbandry
33:50 Crop Rotation
34:28 Two-Man Saw
33:54 Padded Archer Armor
33:18 Cavalier
34:30 Gold Mining
36:36 Conscription
36:34 Siege Engineers
37:29 Chemistry
36:39 Masonry
37:09 Vendel Legacy
40:40 Blast Furnace
42:36 Light Cavalry
42:40 Elite Varangian Guard
43:22 Scale Mail Armor
43:08 Gambesons
43:24 Squires
43:58 Hussar
45:27 Chain Mail Armor
45:31 Masonry
45:01 Treadmill Crane
45:46 Gothikon
Baron Morg Von Wigard
6:31 Loom
8:54 Feudal Age
10:02 Double-Bit Axe
12:25 Horse Collar
17:55 Bloodlines
19:37 Scale Barding Armor
20:17 Forging
26:40 Castle Age
26:54 Light Cavalry
27:57 Chain Barding Armor
27:51 Husbandry
31:10 Heavy Plow
31:22 Bow Saw
31:40 Gold Mining
33:10 Wheelbarrow
37:25 Gold Shaft Mining
37:08 Hand Cart
41:38 Imperial Age
42:10 Iron Casting
41:47 Cavalier
43:17 Plate Barding Armor
45:13 Blast Furnace
45:21 Fletching
46:40 Murder Holes
47:46 Bodkin Arrow
Connection lost

Rejoining the realm…

Still unreachable

The connection could not be restored.

Session expired

The server has moved on; the page needs a fresh start.